 Dungeon Crawl Stone Soup version 0.29.0-15-g675c0067aa (webtiles) character file.

Game seed: 1065212290697544466

127440 qw the Tortoise (level 16, -8/157 HPs)
             Began as a Minotaur Berserker on Sept 12, 2022.
             Was an Elder of Trog.
             Mangled by a merfolk impaler
             ... wielding a +2 vorpal trident
              (10 damage)
             ... on level 3 of the Shoals.
             The game lasted 00:12:07 (35943 turns).

qw the Tortoise (Minotaur Berserker)               Turns: 35943, Time: 00:12:08

Health: -8/157     AC: 40    Str: 33    XL:     16   Next: 46%
Magic:  0/5        EV: 17    Int:  4    God:    Trog [****..]
Gold:   1806       SH: 10    Dex: 20    Spells: 15/15 levels left

rFire   + + .      SeeInvis +   e - +2 war axe (antimagic)
rCold   . . .      Faith    .   t - +2 buckler
rNeg    + + +      Spirit   +   u - +9 scales of the Dragon King {rPois rF+ rC+ Will+}
rPois   +          Reflect  .   m - +2 hat of the Armoured One {Rampage rC- rN+++ Dex+3}
rElec   .          Harm     .   f - +0 cloak
rCorr   .          Rampage  +   o - +1 pair of gloves
Will    +....                   g - +1 pair of boots {Stlth+}
Stlth   ..........              s - amulet of guardian spirit
HPRegen 0.36/turn               b - ring "Gyog" {rF+ Str+4 Dex+6 SInv}
MPRegen 0.09/turn               p - +4 ring of evasion

@: lethally poisoned (-8 -> -20), weak-willed, on berserk cooldown, mesmerised,
very slow
A: horns 2, retaliatory headbutt
a: Renounce Religion, Berserk, Trog's Hand, Brothers in Arms


You were on level 3 of the Shoals.
You worshipped Trog.
Trog was greatly pleased with you.
You visited 4 branches of the dungeon, and saw 25 of its levels.

You collected 2826 gold pieces.
You spent 1020 gold pieces at shops.


Innate Abilities, Weirdness & Mutations

You have a pair of horns on your head.
You reflexively headbutt those who attack you in melee.


   Skills:
 - Level 18.0 Fighting
 - Level 16.0 Axes
 - Level 10.0 Throwing
 + Level 19.0 Armour
 - Level 11.0 Dodging
 - Level 11.0 Shields


You had 15 spell levels left.
You didn't know any spells.
Your spell library was empty.

Inventory:

Hand Weapons
 e - a +2 antimagic war axe (weapon)
 j - a +0 demon whip of venom
Missiles
 i - 2 silver boomerangs
 r - 2 javelins
 w - 19 boomerangs
 x - 2 silver javelins (quivered)
Armour
 f - a +0 cloak (worn)
 g - a +1 pair of boots of stealth (worn)
 m - the +2 hat of the Armoured One (worn) {Rampage rC- rN+++ Dex+3}
   (You acquired it on level 2 of the Shoals)

   Dex:       It affects your dexterity (+3).
   rC:        It makes you vulnerable to cold.
   rN:        It renders you almost immune to negative energy.
   Rampage:   It bestows one free step when moving towards enemies.
 o - a +1 pair of gloves (worn)
 t - a +2 buckler (worn)
 u - the +9 scales of the Dragon King (worn) {rPois rF+ rC+ Will+}
   (You found it on level 3 of the Lair of Beasts)

   rF:        It protects you from fire.
   rC:        It protects you from cold.
   rPois:     It protects you from poison.
   Will:      It increases your willpower.
Jewellery
 b - the ring "Gyog" (left hand) {rF+ Str+4 Dex+6 SInv}
   (You found it on level 10 of the Dungeon)

   [ring of dexterity]

   Str:       It affects your strength (+4).
   Dex:       It affects your dexterity (+6).
   rF:        It protects you from fire.
   SInv:      It lets you see invisible.
 p - a +4 ring of evasion (right hand)
 s - an amulet of guardian spirit (around neck)
 v - a ring of protection from fire
Scrolls
 a - 3 scrolls of identify
Potions
 c - 7 potions of curing
 d - 2 potions of mutation
 h - 5 potions of might
 l - a potion of haste
 q - 2 potions of resistance

Dungeon Overview and Level Annotations

Branches:
Dungeon (15/15) Temple (0/1) D:5 Lair (5/5) D:9 Shoals (3/4) Lair:3 Spider (0/4) Lair:2 Slime (0/5) Lair:5 Orc (2/2) D:9 Elf (0/3) Orc:2 Vaults (0/5) D:12 D:13 Depths (0/4) D:15

Altars:
Fedhas
Gozag
Hepliaklqana
Makhleb
Nemelex Xobeh
Ru
Sif Muna
Trog
Uskayaw
Wu Jian
Yredelemnul
Jiyva

Shops:
D:8 =   Orc:2 [(**(   Shoals:2 (

Annotations:
D:5 1 runed translucent door, qw's ghost, weakling GrDe
Lair:3 3 runed translucent doors, qw's ghost, journeyman MiBe


Message History

Trog accepts your kill.
Trog will now gift you melee weapons as you gain piety.
You gasp with relief as air once again reaches your lungs.
You feel sick.
The merfolk siren chants its luring song.
The merfolk impaler hits you from afar with a +2 vorpal trident.
The merfolk impaler hits you but does no damage.
The merfolk hits you from afar with a +0 trident.
The merfolk misses you.
The faun shoots a sling bullet.
The sling bullet barely misses you.
The merfolk siren chants its luring song.
35942 ||| INVOKING Brothers in Arms.
Your black bear goes berserk!
Trog will no longer gift you weapons.
You feel sick. You block the merfolk impaler's attack.
The merfolk hits you from afar with a +0 trident of venom!
You are lethally poisoned!
The merfolk siren chants its luring song.
The merfolk impaler misses you.
The merfolk hits you but does no damage.
The merfolk siren chants its luring song.
The merfolk impaler hits you from afar with a +2 vorpal trident.
A faun comes into view. It is wielding a +0 club.
The merfolk misses you.
The merfolk hits you from afar with a +0 trident.
The merfolk impaler closely misses you.
The faun shoots a sling bullet.
You block the sling bullet.
The merfolk siren chants its luring song.
You hear a splash.
You rampage towards the merfolk!
You enter the shallow water.
Moving in this stuff is going to be slow.
A merfolk siren comes into view. It is wielding a +0 spear.
You hit the merfolk.
The merfolk is moderately wounded.
You slice the merfolk!! You hit the merfolk.
You feel very sick.
The merfolk siren chants its luring song.
You block the merfolk's attack.
The merfolk impaler hits you from afar with a +2 vorpal trident!
You die...

~~~~~~~.~~~.### ##..P.P~..
~~~~~~~~~m~...###.###...P#
~~~~~~~~~~~~.....$# #....#
~~~~~~~~~~...~~m..###...##
~~~~~~~~~~.##~~c~.....~##.
~~~~~.~mmm.#)~~~~)######~~
~~~~~..mcmmm~~~~..# ##~~
~..####.%mmmc~~~..# ##.~P
~~ ##.@~m~~....# +...# ~
#.)~m~~.....# ##...~
...~~h~......####~..~~
~~~~~~~~~....### #.~~#~~
~~~~~~~~~~~.### #.#~~~#
~~~~~.......# %P..~~~
~~~~~...##..# _.~..~~
~~~~~..## ... %P~~.~~
#~#~~~#


You could see 2 merfolk impalers, 8 merfolk, 3 fauns, 4 merfolk sirens and a
friendly black bear (summoned, berserk).

Vanquished Creatures
  Jorgrun (D:12)
  Rupert (D:12)
  A rockslime (Lair:5)
  4 quicksilver oozes (Lair:5)
  2 merfolk impalers
  A merfolk javelineer (Shoals:3)
  A great orb of eyes (D:15)
  A fire dragon (Lair:5)
  5 hydras
  4 boulder beetles
  2 ogre magi (Orc:2)
  Erica (D:9)
  2 merfolk avatars
  2 catoblepae
  4 centaur warriors
  14 two-headed ogres
  A tengu warrior (D:15)
  A merfolk aquamancer (Shoals:3)
  A satyr (Shoals:3)
  An alligator snapping turtle (Shoals:2)
  A death yak (Lair:4)
  Urug (D:12)
  Sonja (Lair:5)
  Amaemon (Lair:3)
  Lodul (D:12)
  5 skeletal warriors (D:15)
  9 sea snakes
  An orb spider (Lair:2)
  A lindwurm (Lair:5)
  2 deep trolls (Orc:2)
  A wizard (D:14)
  A swamp dragon (Lair:5)
  3 deep elf pyromancers
  3 harpies (Shoals:1)
  2 orc sorcerers
  9 cyclopes
  19 ugly things
  9 manticores
  4 fauns (Shoals:3)
  A wolf spider (D:15)
  2 elephants (Shoals:3)
  2 water nymphs (Shoals:1)
  Maurice (D:12)
  3 merfolk sirens
  3 torpor snails
  9 cane toads
  9 black mambas
  An orange demon (Lair:3)
  3 gargoyles
  An efreet (D:14)
  4 kobold demonologists (D:12)
  An unseen horror (shapeshifter) (D:12)
  7 rime drakes
  4 yaktaurs
  8 komodo dragons
  An unseen horror (D:10)
  2 tengu conjurers
  2 wind drakes
  2 burning bushes (Lair:1)
  A wolf spider simulacrum (D:14)
  A polar bear (Lair:4)
  3 meliai
  9 merfolk
  10 trolls
  15 slime creatures
  Grinder (D:3)
  Prince Ribbit (D:6)
  A hornet (D:5)
  11 blink frogs
  14 dream sheep
  6 snapping turtles
  Sigmund (D:3)
  A centaur simulacrum (D:14)
  10 water elementals
  4 shadows
  2 vampires
  A wraith (D:10)
  2 wyverns
  16 humans (D:12)
  2 steam dragons
  55 yaks
  Grum (Lair:1)
  6 basilisks
  A redback (shapeshifter) (D:15)
  12 vampire mosquitoes
  Menkaure (D:6)
  4 wargs
  4 acid dragons
  10 water moccasins
  14 orc warriors
  3 ice beasts
  2 sky beasts (D:7)
  4 black bears
  7 wolves
  25 ogres
  11 centaurs
  9 kobold brigands
  7 bullfrogs
  5 scorpions
  A necrophage (D:3)
  9 wights
  12 killer bees
  7 electric eels
  5 howler monkeys
  15 jellies
  A gnoll bouda (D:7)
  4 hounds
  15 orc priests
  3 iron imps (D:7)
  Jessica (D:3)
  7 iguanas
  22 orc wizards
  Robin (D:2)
  16 gnolls
  7 adders
  15 white imps
  An ufetubus (D:5)
  A worm (D:5)
  A dart slug (D:2)
  50 orcs
  4 endoplasms
  9 goblins
  8 hobgoblins
  4 jackals (D:3)
  27 kobolds
  3 quokkas (D:2)
  6 ball pythons
  2 bats
  3 frilled lizards
  4 rats
747 creatures vanquished.

Vanquished Creatures (collateral kills)
  A merfolk impaler (Shoals:1)
  A hydra (Lair:4)
  A merfolk (Shoals:1)
  A wind drake (Shoals:1)
  A snapping turtle (Shoals:1)
  A centaur (D:12)
6 creatures vanquished.

Vanquished Creatures (others)
  A merfolk aquamancer (Shoals:3)
  An iguana (Lair:5)
  28 fungi
  87 plants
117 creatures vanquished.

Grand Total: 870 creatures vanquished

Notes
Turn   | Place    | Note
-------+----------+-------------------------------------------
     0 | D:1      | qw the Minotaur Berserker began the quest for the Orb.
     0 | D:1      | Reached XP level 1. HP: 19/19 MP: 0/0
     0 | D:1      | 0 ||| qw: Version: 0.1-a-119-g272c26d
     0 | D:1      | 0 ||| qw: Game counter: 11013
     0 | D:1      | 0 ||| qw: Always use a shield: true
     0 | D:1      | 0 ||| qw: Do Orc after D:15 true
     0 | D:1      | 0 ||| qw: Do second Lair branch before Depths: true
     0 | D:1      | 0 ||| qw: Lair rune preference: random
     0 | D:1      | 0 ||| qw: Plans: Normal
     0 | D:1      | 0 ||| PLANNING D:1-11
    38 | D:1      | Found a faded altar of an unknown god.
   321 | D:1      | Reached XP level 2. HP: 17/26 MP: 1/1
   837 | D:1      | 837 ||| READING 3 scrolls labelled ULIAFYU RARR.
   838 | D:1      | 838 ||| READING scroll labelled BEZXAU UVYIMYILIU.
   839 | D:1      | 839 ||| READING 2 scrolls of identify.
   839 | D:1      | 839 ||| IDENTIFYING ruby potion
   888 | D:2      | 888 ||| Stepping ~*~*~tactically~*~*~ (hiding).
   990 | D:2      | 990 ||| Stepping ~*~*~tactically~*~*~ (hiding).
  1390 | D:2      | Reached XP level 3. HP: 27/31 MP: 2/2
  1541 | D:2      | 1541 ||| Stepping ~*~*~tactically~*~*~ (stealth).
  1551 | D:2      | 1551 ||| INVOKING Berserk.
  1564 | D:2      | Reached skill level 6 in Axes
  1564 | D:2      | Reached XP level 4. HP: 36/39 MP: 3/3
  1902 | D:2      | 1902 ||| Stepping ~*~*~tactically~*~*~ (hiding).
  1909 | D:2      | Noticed Robin
  1910 | D:2      | Reached ** piety under Trog
  1911 | D:2      | 1911 ||| FLEEEEING.
  1912 | D:2      | 1912 ||| FLEEEEING.
  1913 | D:2      | 1913 ||| FLEEEEING.
  1914 | D:2      | 1914 ||| FLEEEEING.
  1922 | D:2      | 1922 ||| INVOKING Berserk.
  1926 | D:2      | Killed Robin
  2091 | D:2      | 2091 ||| Stepping ~*~*~tactically~*~*~ (stealth).
  2135 | D:2      | Found a burning altar of Makhleb.
  2267 | D:2      | 2267 ||| UPGRADING to +0 leather armour.
  2277 | D:2      | 2277 ||| DROPPING +0 animal skin.
  2278 | D:2      | 2278 ||| UPGRADING to +0 pair of boots.
  2283 | D:2      | 2283 ||| READING scroll labelled PUZEDI JABUDAMAO.
  2284 | D:2      | 2284 ||| READING scroll labelled AREXAM JUWN.
  2285 | D:2      | 2285 ||| READING 2 scrolls of identify.
  2285 | D:2      | 2285 ||| IDENTIFYING yellow potion
  2398 | D:3      | Noticed a necrophage
  2399 | D:3      | 2399 ||| Stepping ~*~*~tactically~*~*~ (stealth).
  2416 | D:3      | 2416 ||| INVOKING Berserk.
  2416 | D:3      | Killed a necrophage
  2417 | D:3      | Reached XP level 5. HP: 21/45 MP: 4/4
  2749 | D:3      | 2749 ||| FLEEEEING.
  2751 | D:3      | Noticed Grinder
  2752 | D:3      | 2752 ||| INVOKING Trog's Hand.
  2753 | D:3      | 2753 ||| INVOKING Berserk.
  2755 | D:3      | Killed Grinder
  2756 | D:3      | Reached XP level 6. HP: 52/52 MP: 5/5
  2762 | D:3      | Reached skill level 9 in Axes
  2875 | D:3      | 2875 ||| DROPPING +0 whip.
  2894 | D:3      | 2894 ||| Stepping ~*~*~tactically~*~*~ (stealth).
  2902 | D:3      | 2902 ||| Stepping ~*~*~tactically~*~*~ (stealth).
  2904 | D:3      | 2904 ||| Stepping ~*~*~tactically~*~*~ (stealth).
  3076 | D:3      | Noticed Sigmund
  3077 | D:3      | 3077 ||| Stepping ~*~*~tactically~*~*~ (hiding).
  3081 | D:3      | 3081 ||| INVOKING Berserk.
  3094 | D:3      | Killed Sigmund
  3095 | D:3      | Reached XP level 7. HP: 47/61 MP: 6/6
  3414 | D:3      | Noticed Jessica
  3423 | D:3      | 3423 ||| FLEEEEING.
  3434 | D:3      | 3434 ||| FLEEEEING.
  3435 | D:3      | 3435 ||| FLEEEEING.
  3436 | D:3      | 3436 ||| FLEEEEING.
  3437 | D:3      | 3437 ||| FLEEEEING.
  3438 | D:3      | 3438 ||| FLEEEEING.
  3455 | D:3      | Killed Jessica
  3782 | D:3      | 3782 ||| UPGRADING to +0 chain mail.
  3792 | D:3      | 3792 ||| DROPPING +0 leather armour.
  3793 | D:3      | 3793 ||| READING 3 scrolls labelled INAEH XUME.
  3794 | D:3      | 3794 ||| READING scroll labelled UQOMUE RUOKIU.
  3795 | D:3      | 3795 ||| DROPPING 2 scrolls of noise.
  3833 | D:4      | 3833 ||| Stepping ~*~*~tactically~*~*~ (stealth).
  3906 | D:4      | Reached skill level 3 in Armour
  4022 | D:4      | Found an opulent altar of Gozag.
  4022 | D:4      | Found a blossoming altar of Fedhas.
  4350 | D:4      | Found a bloodstained altar of Trog.
  4553 | D:4      | 4553 ||| READING 2 scrolls labelled NERREU BEBAULU.
  4554 | D:4      | 4554 ||| READING scroll labelled BYWIKLI XUSIEZULL.
  4555 | D:4      | 4555 ||| DRINKING 2 smoky coppery potions.
  4556 | D:4      | 4556 ||| READING 2 scrolls of identify.
  4556 | D:4      | 4556 ||| IDENTIFYING amethyst potion
  4557 | D:4      | 4557 ||| DROPPING scroll of vulnerability.
  4569 | D:5      | Entered Level 5 of the Dungeon
  4570 | D:5      | 4570 ||| INVOKING Berserk.
  4585 | D:5      | 4585 ||| Stepping ~*~*~tactically~*~*~ (stealth).
  4586 | D:5      | 4586 ||| FLEEEEING.
  4587 | D:5      | 4587 ||| STAIRDANCE
  4642 | D:5      | Reached skill level 6 in Fighting
  4642 | D:5      | 4642 ||| STAIRDANCE
  4839 | D:5      | 4839 ||| Stepping ~*~*~tactically~*~*~ (hiding).
  4840 | D:5      | 4840 ||| Stepping ~*~*~tactically~*~*~ (hiding).
  4841 | D:5      | 4841 ||| FLEEEEING.
  4850 | D:5      | Reached XP level 8. HP: 48/70 MP: 7/7
  5034 | D:5      | Found a runed translucent door.
  5037 | D:5      | 5037 ||| Stepping randomly (stuck).
  5039 | D:5      | 5039 ||| Stepping randomly (stuck).
  5040 | D:5      | 5040 ||| Stepping randomly (stuck).
  5041 | D:5      | 5041 ||| Stepping randomly (stuck).
  5042 | D:5      | 5042 ||| Stepping randomly (stuck).
  5043 | D:5      | 5043 ||| Stepping randomly (stuck).
  5044 | D:5      | 5044 ||| Stepping randomly (stuck).
  5046 | D:5      | 5046 ||| Stepping ~*~*~tactically~*~*~ (hiding).
  5053 | D:5      | 5053 ||| Stepping ~*~*~tactically~*~*~ (hiding).
  5064 | D:5      | 5064 ||| Stepping ~*~*~tactically~*~*~ (hiding).
  5066 | D:5      | 5066 ||| INVOKING Berserk.
  5081 | D:5      | 5081 ||| FLEEEEING.
  5082 | D:5      | 5082 ||| FLEEEEING.
  5083 | D:5      | 5083 ||| FLEEEEING.
  5084 | D:5      | 5084 ||| STAIRDANCE
  5228 | D:5      | 5228 ||| Stepping randomly (stuck).
  5229 | D:5      | 5229 ||| Stepping randomly (stuck).
  5234 | D:5      | Noticed qw's ghost (weakling GrDe)
  5252 | D:5      | Found a staircase to the Ecumenical Temple.
  5595 | D:5      | Reached skill level 4 in Armour
  5676 | D:5      | 5676 ||| READING scroll of enchant weapon.
  5676 | D:5      | 5676 ||| ENCHANTING +1 hand axe.
  5761 | D:5      | Noticed a komodo dragon
  5762 | D:5      | 5762 ||| Stepping ~*~*~tactically~*~*~ (stealth).
  5813 | D:5      | 5813 ||| Stepping ~*~*~tactically~*~*~ (stealth).
  5818 | D:5      | 5818 ||| INVOKING Berserk.
  5822 | D:5      | Killed a komodo dragon
  5939 | D:5      | Noticed a hornet
  5944 | D:5      | Paralysed by a hornet for 1 turns
  5948 | D:5      | Killed a hornet
  5949 | D:5      | Reached skill level 12 in Axes
  6308 | D:5      | 6308 ||| READING scroll labelled USA REODGHEH.
  6311 | D:5      | 6311 ||| DRINKING 2 fuming purple potions.
  6312 | D:5      | 6312 ||| READING 2 scrolls of identify.
  6312 | D:5      | 6312 ||| IDENTIFYING inky potion
  6313 | D:5      | 6313 ||| DROPPING potion of lignification.
  6340 | D:6      | 6340 ||| INVOKING Berserk.
  6432 | D:6      | Reached XP level 9. HP: 78/79 MP: 8/8
  6449 | D:6      | Found an ornate altar of the Wu Jian Council.
  6466 | D:6      | 6466 ||| Stepping ~*~*~tactically~*~*~ (stealth).
  6467 | D:6      | 6467 ||| Stepping ~*~*~tactically~*~*~ (stealth).
  6536 | D:6      | 6536 ||| Stepping ~*~*~tactically~*~*~ (hiding).
  6549 | D:6      | Noticed Menkaure
  6551 | D:6      | 6551 ||| INVOKING Berserk.
  6554 | D:6      | Killed Menkaure
  6687 | D:6      | 6687 ||| INVOKING Berserk.
  6693 | D:6      | Reached *** piety under Trog
  6887 | D:6      | 6887 ||| Stepping ~*~*~tactically~*~*~ (hiding).
  6889 | D:6      | 6889 ||| INVOKING Berserk.
  6894 | D:6      | Reached skill level 5 in Armour
  7041 | D:6      | 7041 ||| INVOKING Berserk.
  7051 | D:6      | 7051 ||| Stepping ~*~*~tactically~*~*~ (stealth).
  7052 | D:6      | 7052 ||| Stepping ~*~*~tactically~*~*~ (stealth).
  7053 | D:6      | 7053 ||| Stepping ~*~*~tactically~*~*~ (stealth).
  7124 | D:6      | Noticed Prince Ribbit
  7127 | D:6      | 7127 ||| INVOKING Berserk.
  7133 | D:6      | Killed Prince Ribbit
  7279 | D:6      | 7279 ||| INVOKING Berserk.
  7394 | D:6      | 7394 ||| INVOKING Berserk.
  8135 | D:6      | 8135 ||| UPGRADING to +0 pair of gloves.
  8140 | D:6      | 8140 ||| UPGRADING to +6 ring of strength.
  8141 | D:6      | 8141 ||| UPGRADING to +6 ring of intelligence.
  8142 | D:6      | 8142 ||| DRINKING 2 golden potions.
  8143 | D:6      | 8143 ||| DROPPING potion of flight.
  8236 | D:7      | Reached skill level 3 in Dodging
  8281 | D:7      | Found a burning altar of Makhleb.
  8316 | D:7      | 8316 ||| INVOKING Berserk.
  8432 | D:7      | 8432 ||| Stepping ~*~*~tactically~*~*~ (hiding).
  8433 | D:7      | 8433 ||| Stepping ~*~*~tactically~*~*~ (hiding).
  8438 | D:7      | 8438 ||| INVOKING Berserk.
  8521 | D:7      | 8521 ||| Stepping ~*~*~tactically~*~*~ (stealth).
  8724 | D:7      | 8724 ||| Stepping ~*~*~tactically~*~*~ (hiding).
  8734 | D:7      | Reached skill level 6 in Armour
  9052 | D:7      | 9052 ||| READING scroll labelled LOCKECH DEBA.
  9053 | D:7      | 9053 ||| READING scroll labelled DIMAHE ROCUIMP.
  9054 | D:7      | 9054 ||| READING scroll labelled OFOMPE AJETH.
  9055 | D:7      | 9055 ||| READING 3 scrolls of teleportation.
  9089 | D:8      | 9089 ||| STAIRDANCE
  9100 | D:7      | Reached skill level 9 in Fighting
  9100 | D:7      | Reached XP level 10. HP: 83/91 MP: 9/9
  9133 | D:8      | 9133 ||| STAIRDANCE
  9141 | D:7      | 9141 ||| INVOKING Berserk.
  9141 | D:7      | HP: 34/136 [yak (6)]
  9146 | D:7      | HP: 24/136 [yak (3)]
  9150 | D:7      | HP: 11/136 [yak (5)]
  9152 | D:7      | Reached skill level 7 in Armour
  9155 | D:7      | HP: 4/136 [yak (7)]
  9511 | D:8      | 9511 ||| STAIRDANCE
  9515 | D:7      | 9515 ||| INVOKING Berserk.
  9720 | D:7      | 9720 ||| Stepping ~*~*~tactically~*~*~ (stealth).
  9736 | D:8      | 9736 ||| STAIRDANCE
  9740 | D:8      | 9740 ||| STAIRDANCE
  9742 | D:7      | 9742 ||| INVOKING Berserk.
  9996 | D:8      | 9996 ||| STAIRDANCE
  9998 | D:7      | 9998 ||| INVOKING Berserk.
 10142 | D:8      | 10142 ||| STAIRDANCE
 10266 | D:8      | Reached skill level 8 in Armour
 10396 | D:8      | 10396 ||| Stepping ~*~*~tactically~*~*~ (hiding).
 10398 | D:8      | 10398 ||| Stepping ~*~*~tactically~*~*~ (hiding).
 10399 | D:8      | 10399 ||| Stepping ~*~*~tactically~*~*~ (hiding).
 10401 | D:8      | 10401 ||| Stepping ~*~*~tactically~*~*~ (hiding).
 10591 | D:8      | Found Ynimyemp's Jewellery Shoppe.
 10597 | D:8      | 10597 ||| BUYING +4 ring of evasion (396 gold).
 10597 | D:8      | Bought a +4 ring of evasion for 396 gold pieces
 10597 | D:8      | 10597 ||| SHOPLISTING +4 ring of protection (396 gold, have
                  | 121).
 10597 | D:8      | 10597 ||| SHOPLISTING ring of fire (275 gold, have 121).
 10597 | D:8      | 10597 ||| SHOPLISTING ring of poison resistance (220 gold,
                  | have 121).
 10655 | D:8      | 10655 ||| UPGRADING to amulet of guardian spirit.
 10660 | D:8      | 10660 ||| UPGRADING to +4 ring of evasion.
 10662 | D:8      | 10662 ||| UPGRADING to +6 ring of strength.
 10664 | D:8      | 10664 ||| DROPPING +6 ring of intelligence.
 10665 | D:8      | 10665 ||| READING scroll labelled ELIRUQIYRE.
 10687 | D:9      | 10687 ||| INVOKING Berserk.
 10690 | D:9      | Reached skill level 1 in Throwing
 10849 | D:9      | Found a sparkling altar of Nemelex Xobeh.
 10873 | D:9      | 10873 ||| Stepping ~*~*~tactically~*~*~ (hiding).
 10880 | D:9      | Reached skill level 3 in Throwing
 11160 | D:9      | 11160 ||| FLEEEEING.
 11161 | D:9      | 11161 ||| FLEEEEING.
 11162 | D:9      | 11162 ||| STAIRDANCE
 11243 | D:9      | 11243 ||| STAIRDANCE
 11318 | D:9      | 11318 ||| Stepping ~*~*~tactically~*~*~ (stealth).
 11319 | D:9      | Noticed a two-headed ogre
 11324 | D:9      | 11324 ||| INVOKING Berserk.
 11328 | D:9      | Killed a two-headed ogre
 11329 | D:9      | Reached skill level 9 in Armour
 11443 | D:9      | Found a basalt altar of Yredelemnul.
 11465 | D:9      | Noticed Erica
 11466 | D:9      | 11466 ||| INVOKING Berserk.
 11476 | D:9      | Killed Erica
 11477 | D:9      | Reached XP level 11. HP: 102/102 MP: 8/10
 11609 | D:9      | 11609 ||| Stepping ~*~*~tactically~*~*~ (stealth).
 11613 | D:9      | 11613 ||| Stepping ~*~*~tactically~*~*~ (stealth).
 11614 | D:9      | 11614 ||| Stepping ~*~*~tactically~*~*~ (hiding).
 11615 | D:9      | 11615 ||| Stepping ~*~*~tactically~*~*~ (hiding).
 11616 | D:9      | 11616 ||| Stepping ~*~*~tactically~*~*~ (hiding).
 11635 | D:9      | 11635 ||| INVOKING Berserk.
 11819 | D:9      | Found a hazy altar of Hepliaklqana.
 11978 | D:9      | Found a staircase to the Lair.
 12032 | D:9      | Found a shimmering blue altar of Sif Muna.
 12051 | D:9      | Reached skill level 12 in Fighting
 12056 | D:9      | 12056 ||| INVOKING Berserk.
 12268 | D:9      | 12268 ||| DROPPING +0 flail of holy wrath.
 12284 | D:9      | Found a staircase to the Orcish Mines.
 12287 | D:9      | 12287 ||| Stepping ~*~*~tactically~*~*~ (stealth).
 12289 | D:9      | 12289 ||| Stepping ~*~*~tactically~*~*~ (stealth).
 12295 | D:9      | 12295 ||| Stepping ~*~*~tactically~*~*~ (stealth).
 12297 | D:9      | 12297 ||| Stepping ~*~*~tactically~*~*~ (stealth).
 12468 | D:9      | 12468 ||| PLANNING LAIR
 12468 | D:9      | 12468 ||| UPGRADING to +0 buckler.
 12473 | D:9      | 12473 ||| UPGRADING to +0 plate armour.
 12483 | D:9      | 12483 ||| DROPPING +0 chain mail.
 12484 | D:9      | 12484 ||| READING scroll labelled ZUCIST URIRPHEAGG.
 12485 | D:9      | 12485 ||| READING 2 scrolls of identify.
 12485 | D:9      | 12485 ||| IDENTIFYING murky puce potion
 12486 | D:9      | 12486 ||| DROPPING potion of attraction.
 12542 | Lair:1   | Entered Level 1 of the Lair of Beasts
 12558 | Lair:1   | Reached skill level 1 in Shields
 12626 | Lair:1   | 12626 ||| INVOKING Berserk.
 12629 | Lair:1   | Reached skill level 3 in Shields
 12788 | Lair:1   | 12788 ||| Stepping ~*~*~tactically~*~*~ (stealth).
 12797 | Lair:1   | Noticed Grum
 12801 | Lair:1   | 12801 ||| INVOKING Berserk.
 12809 | Lair:1   | Reached skill level 6 in Shields
 12818 | Lair:1   | Killed Grum
 12945 | Lair:1   | Noticed a five-headed hydra
 12947 | Lair:1   | 12947 ||| SWAPPING to +3 morningstar.
 12949 | Lair:1   | 12949 ||| INVOKING Berserk.
 12955 | Lair:1   | Killed a five-headed hydra
 12960 | Lair:1   | 12960 ||| Stepping ~*~*~tactically~*~*~ (stealth).
 12961 | Lair:1   | 12961 ||| SWAPPING to +2 hand axe of chaos.
 12994 | Lair:1   | 12994 ||| Stepping ~*~*~tactically~*~*~ (stealth).
 13034 | Lair:1   | 13034 ||| Stepping ~*~*~tactically~*~*~ (stealth).
 13044 | Lair:1   | 13044 ||| Stepping ~*~*~tactically~*~*~ (stealth).
 13241 | Lair:1   | 13241 ||| Stepping ~*~*~tactically~*~*~ (stealth).
 13243 | Lair:1   | 13243 ||| Stepping ~*~*~tactically~*~*~ (hiding).
 13248 | Lair:1   | 13248 ||| INVOKING Berserk.
 13257 | Lair:1   | Reached skill level 10 in Armour
 13862 | Lair:2   | 13862 ||| INVOKING Berserk.
 13869 | Lair:2   | 13869 ||| STAIRDANCE
 13979 | Lair:2   | 13979 ||| INVOKING Berserk.
 14141 | Lair:2   | 14141 ||| READING scroll of enchant weapon.
 14141 | Lair:2   | 14141 ||| ENCHANTING +2 hand axe of chaos.
 14208 | Lair:2   | Noticed a six-headed hydra
 14211 | Lair:2   | 14211 ||| SWAPPING to +3 morningstar.
 14213 | Lair:2   | 14213 ||| INVOKING Berserk.
 14215 | Lair:2   | Killed a six-headed hydra
 14230 | Lair:2   | 14230 ||| SWAPPING to +3 hand axe of chaos.
 14394 | Lair:2   | 14394 ||| INVOKING Berserk.
 14403 | Lair:2   | Reached XP level 12. HP: 112/112 MP: 11/11
 14622 | Lair:2   | 14622 ||| INVOKING Berserk.
 14815 | Lair:2   | 14815 ||| SWAPPING to +0 war axe.
 15019 | Lair:2   | 15019 ||| DROPPING +3 hand axe of chaos.
 15228 | Lair:2   | 15228 ||| INVOKING Berserk.
 15523 | Lair:2   | Found a hole to the Spider Nest.
 15538 | Lair:2   | 15538 ||| FLEEEEING.
 15627 | Lair:2   | 15627 ||| DROPPING ring of ice.
 15628 | Lair:2   | 15628 ||| READING scroll labelled BOLUSE XEUGIN.
 15700 | Lair:3   | 15700 ||| Stepping ~*~*~tactically~*~*~ (hiding).
 15743 | Lair:3   | Found a staircase to the Shoals.
 15775 | Lair:3   | Found an opulent altar of Gozag.
 15851 | Lair:3   | Noticed Amaemon
 15852 | Lair:3   | 15852 ||| Stepping ~*~*~tactically~*~*~ (hiding).
 15856 | Lair:3   | 15856 ||| INVOKING Berserk.
 15864 | Lair:3   | Killed Amaemon
 15865 | Lair:3   | Reached skill level 15 in Axes
 16002 | Lair:3   | 16002 ||| DROPPING +3 morningstar.
 16075 | Lair:3   | Noticed a seven-headed hydra
 16078 | Lair:3   | 16078 ||| SWAPPING to +0 demon whip of venom.
 16080 | Lair:3   | 16080 ||| INVOKING Berserk.
 16084 | Lair:3   | Killed a seven-headed hydra
 16097 | Lair:3   | 16097 ||| SWAPPING to +0 war axe.
 16243 | Lair:3   | 16243 ||| DRINKING 6 potions of curing.
 16243 | Lair:3   | 16243 ||| (to cure bad poison)
 16445 | Lair:3   | Found a runed translucent gate.
 16446 | Lair:3   | Found a runed translucent gate.
 16446 | Lair:3   | Noticed a ten-headed hydra
 16446 | Lair:3   | Noticed a nine-headed hydra
 16447 | Lair:3   | Found a runed translucent gate.
 16448 | Lair:3   | Noticed qw's ghost (journeyman MiBe)
 16627 | Lair:3   | Found the +9 scales of the Dragon King {rPois rF+ rC+
                  | Will+}
 16864 | Lair:3   | 16864 ||| UPGRADING to +9 scales of the Dragon King {rPois
                  | rF+ rC+ Will+}.
 16874 | Lair:3   | 16874 ||| DROPPING +0 plate armour.
 16914 | Lair:4   | 16914 ||| FLEEEEING.
 16915 | Lair:4   | 16915 ||| FLEEEEING.
 16967 | Lair:4   | Reached skill level 11 in Armour
 17028 | Lair:4   | 17028 ||| INVOKING Berserk.
 17209 | Lair:4   | Noticed a death yak
 17210 | Lair:4   | 17210 ||| FLEEEEING.
 17211 | Lair:4   | 17211 ||| FLEEEEING.
 17212 | Lair:4   | 17212 ||| FLEEEEING.
 17213 | Lair:4   | 17213 ||| FLEEEEING.
 17214 | Lair:4   | 17214 ||| FLEEEEING.
 17215 | Lair:4   | 17215 ||| STAIRDANCE
 17313 | Lair:4   | Reached **** piety under Trog
 17360 | Lair:4   | Noticed an eight-headed hydra
 17361 | Lair:4   | 17361 ||| INVOKING Brothers in Arms.
 17362 | Lair:4   | 17362 ||| INVOKING Brothers in Arms.
 17363 | Lair:4   | 17363 ||| INVOKING Brothers in Arms.
 17364 | Lair:4   | 17364 ||| INVOKING Brothers in Arms.
 17365 | Lair:4   | 17365 ||| INVOKING Brothers in Arms.
 17366 | Lair:4   | 17366 ||| SWAPPING to +0 demon whip of venom.
 17367 | Lair:4   | 17367 ||| INVOKING Berserk.
 17368 | Lair:4   | Killed an eight-headed hydra
 17375 | Lair:4   | 17375 ||| SWAPPING to +0 war axe.
 17783 | Lair:4   | Reached skill level 12 in Armour
 17903 | Lair:4   | 17903 ||| INVOKING Berserk.
 17909 | Lair:4   | Killed a death yak
 18201 | Lair:4   | 18201 ||| FLEEEEING.
 18202 | Lair:4   | 18202 ||| FLEEEEING.
 18203 | Lair:4   | 18203 ||| FLEEEEING.
 18204 | Lair:4   | 18204 ||| FLEEEEING.
 18205 | Lair:4   | 18205 ||| FLEEEEING.
 18206 | Lair:4   | 18206 ||| FLEEEEING.
 18207 | Lair:4   | 18207 ||| FLEEEEING.
 18209 | Lair:4   | 18209 ||| FLEEEEING.
 18211 | Lair:4   | 18211 ||| FLEEEEING.
 18212 | Lair:4   | 18212 ||| FLEEEEING.
 18214 | Lair:4   | 18214 ||| FLEEEEING.
 18215 | Lair:4   | 18215 ||| FLEEEEING.
 18216 | Lair:4   | 18216 ||| FLEEEEING.
 18217 | Lair:4   | 18217 ||| FLEEEEING.
 18218 | Lair:4   | 18218 ||| FLEEEEING.
 18219 | Lair:4   | 18219 ||| FLEEEEING.
 18220 | Lair:4   | 18220 ||| FLEEEEING.
 18221 | Lair:4   | 18221 ||| FLEEEEING.
 18222 | Lair:4   | 18222 ||| INVOKING Berserk.
 18351 | Lair:4   | 18351 ||| READING scroll labelled ZOOZEVYTOS.
 18560 | Lair:5   | Entered Level 5 of the Lair of Beasts
 18561 | Lair:5   | 18561 ||| STAIRDANCE
 18573 | Lair:5   | Noticed an eight-headed hydra
 18574 | Lair:5   | 18574 ||| STAIRDANCE
 18596 | Lair:5   | 18596 ||| STAIRDANCE
 18604 | Lair:4   | Reached skill level 13 in Armour
 18704 | Lair:5   | 18704 ||| STAIRDANCE
 18752 | Lair:5   | 18752 ||| STAIRDANCE
 18754 | Lair:4   | 18754 ||| SWAPPING to +0 demon whip of venom.
 18755 | Lair:4   | 18755 ||| INVOKING Berserk.
 18759 | Lair:4   | Killed an eight-headed hydra
 18764 | Lair:4   | 18764 ||| SWAPPING to +0 war axe.
 18850 | Lair:5   | 18850 ||| DRINKING 2 potions of cancellation.
 18851 | Lair:5   | Found a staircase to the Slime Pits.
 18953 | Lair:5   | Noticed a four-headed hydra
 18956 | Lair:5   | 18956 ||| SWAPPING to +0 demon whip of venom.
 18957 | Lair:5   | 18957 ||| INVOKING Berserk.
 18959 | Lair:5   | Killed a four-headed hydra
 18960 | Lair:5   | Reached XP level 13. HP: 119/119 MP: 12/12
 18975 | Lair:5   | 18975 ||| Stepping ~*~*~tactically~*~*~ (stealth).
 18976 | Lair:5   | 18976 ||| SWAPPING to +0 war axe.
 18976 | Lair:5   | Noticed a quicksilver ooze
 18986 | Lair:5   | Killed a quicksilver ooze
 19279 | Lair:5   | 19279 ||| Stepping ~*~*~tactically~*~*~ (stealth).
 19281 | Lair:5   | 19281 ||| Stepping ~*~*~tactically~*~*~ (stealth).
 19283 | Lair:5   | 19283 ||| Stepping ~*~*~tactically~*~*~ (stealth).
 19284 | Lair:5   | 19284 ||| Stepping ~*~*~tactically~*~*~ (stealth).
 19301 | Lair:5   | Noticed a quicksilver ooze
 19304 | Lair:5   | Noticed a quicksilver ooze
 19305 | Lair:5   | 19305 ||| Stepping ~*~*~tactically~*~*~ (stealth).
 19306 | Lair:5   | 19306 ||| INVOKING Berserk.
 19309 | Lair:5   | Noticed a rockslime
 19310 | Lair:5   | Noticed a quicksilver ooze
 19311 | Lair:5   | Killed a quicksilver ooze
 19312 | Lair:5   | Killed a quicksilver ooze
 19325 | Lair:5   | Killed a quicksilver ooze
 19326 | Lair:5   | Reached skill level 14 in Armour
 19327 | Lair:5   | HP: 20/122 [rockslime (32)]
 19328 | Lair:5   | 19328 ||| READING 7 scrolls of teleportation.
 19329 | Lair:5   | 19329 ||| DRINKING 4 potions of heal wounds.
 19613 | Lair:5   | 19613 ||| INVOKING Berserk.
 19618 | Lair:5   | Reached skill level 9 in Shields
 19757 | Lair:5   | Noticed Sonja
 19766 | Lair:5   | Killed Sonja
 19868 | Lair:5   | 19868 ||| INVOKING Berserk.
 19875 | Lair:5   | Killed a rockslime
 19899 | Lair:5   | Noticed a fire dragon
 19901 | Lair:5   | HP: 18/124 [fire dragon/blast of flame (19)]
 19902 | Lair:5   | 19902 ||| READING 6 scrolls of teleportation.
 19903 | Lair:5   | 19903 ||| DRINKING 3 potions of heal wounds.
 20241 | Lair:5   | 20241 ||| Stepping ~*~*~tactically~*~*~ (stealth).
 20244 | Lair:5   | 20244 ||| INVOKING Berserk.
 20343 | Lair:5   | 20343 ||| DRINKING potion of cancellation.
 20387 | Lair:5   | 20387 ||| INVOKING Berserk.
 20394 | Lair:5   | Killed a fire dragon
 20398 | Lair:5   | Reached skill level 15 in Armour
 20593 | Lair:5   | 20593 ||| Stepping ~*~*~tactically~*~*~ (stealth).
 20595 | Lair:5   | 20595 ||| Stepping ~*~*~tactically~*~*~ (hiding).
 20607 | Lair:5   | 20607 ||| FLEEEEING.
 20608 | Lair:5   | 20608 ||| FLEEEEING.
 20876 | Lair:5   | Found a viscous altar of Jiyva.
 21001 | Lair:5   | 21001 ||| Stepping ~*~*~tactically~*~*~ (hiding).
 21007 | Lair:5   | 21007 ||| INVOKING Berserk.
 21011 | Lair:5   | Reached skill level 6 in Throwing
 21015 | Lair:5   | 21015 ||| FLEEEEING.
 21016 | Lair:5   | 21016 ||| FLEEEEING.
 21017 | Lair:5   | 21017 ||| FLEEEEING.
 21018 | Lair:5   | 21018 ||| FLEEEEING.
 21019 | Lair:5   | 21019 ||| FLEEEEING.
 21020 | Lair:5   | 21020 ||| FLEEEEING.
 21021 | Lair:5   | 21021 ||| FLEEEEING.
 21022 | Lair:5   | 21022 ||| FLEEEEING.
 21023 | Lair:5   | 21023 ||| FLEEEEING.
 21024 | Lair:5   | 21024 ||| FLEEEEING.
 21025 | Lair:5   | 21025 ||| FLEEEEING.
 21026 | Lair:5   | 21026 ||| FLEEEEING.
 21027 | Lair:5   | 21027 ||| FLEEEEING.
 21028 | Lair:5   | 21028 ||| FLEEEEING.
 21029 | Lair:5   | 21029 ||| FLEEEEING.
 21030 | Lair:5   | 21030 ||| FLEEEEING.
 21031 | Lair:5   | 21031 ||| FLEEEEING.
 21032 | Lair:5   | 21032 ||| FLEEEEING.
 21033 | Lair:5   | 21033 ||| FLEEEEING.
 21114 | Lair:5   | 21114 ||| Stepping ~*~*~tactically~*~*~ (hiding).
 21163 | Lair:5   | 21163 ||| Stepping ~*~*~tactically~*~*~ (stealth).
 21165 | Lair:5   | 21165 ||| Stepping ~*~*~tactically~*~*~ (hiding).
 21171 | Lair:5   | 21171 ||| INVOKING Berserk.
 21174 | Lair:5   | Reached skill level 15 in Fighting
 21318 | Lair:5   | 21318 ||| Stepping ~*~*~tactically~*~*~ (stealth).
 21320 | Lair:5   | 21320 ||| FLEEEEING.
 21321 | Lair:5   | 21321 ||| FLEEEEING.
 21322 | Lair:5   | 21322 ||| FLEEEEING.
 21323 | Lair:5   | 21323 ||| FLEEEEING.
 21325 | Lair:5   | 21325 ||| INVOKING Berserk.
 21330 | Lair:5   | Reached skill level 6 in Dodging
 21440 | Lair:5   | 21440 ||| INVOKING Berserk.
 21668 | Lair:5   | 21668 ||| PLANNING D:1-11
 21668 | Lair:5   | 21668 ||| DRINKING 3 fuming sapphire potions.
 21669 | Lair:5   | 21669 ||| READING 3 scrolls of identify.
 21669 | Lair:5   | 21669 ||| IDENTIFYING metallic coppery potion
 21670 | Lair:5   | 21670 ||| READING 2 scrolls of identify.
 21670 | Lair:5   | 21670 ||| IDENTIFYING clear potion
 21671 | Lair:5   | 21671 ||| DROPPING potion of magic.
 21672 | Lair:5   | 21672 ||| DROPPING 2 potions of brilliance.
 21673 | Lair:5   | 21673 ||| DROPPING potion of ambrosia.
 21783 | D:10     | Entered Level 10 of the Dungeon
 21861 | D:10     | 21861 ||| Stepping ~*~*~tactically~*~*~ (stealth).
 21896 | D:10     | 21896 ||| Stepping ~*~*~tactically~*~*~ (stealth).
 21898 | D:10     | 21898 ||| Stepping ~*~*~tactically~*~*~ (stealth).
 21907 | D:10     | Reached XP level 14. HP: 135/135 MP: 13/13
 21929 | D:10     | Identified the ring "Gyog" {rF+ Str+4 Dex+6 SInv}
 22330 | D:10     | 22330 ||| Stepping ~*~*~tactically~*~*~ (stealth).
 22437 | D:10     | 22437 ||| Stepping ~*~*~tactically~*~*~ (stealth).
 22807 | D:10     | 22807 ||| UPGRADING to ring "Gyog" {rF+ Str+4 Dex+6 SInv}.
 22809 | D:10     | 22809 ||| DROPPING ring of protection from cold.
 22810 | D:10     | 22810 ||| UPGRADING to +4 ring of evasion.
 22812 | D:10     | 22812 ||| DROPPING +6 ring of strength.
 22949 | D:11     | 22949 ||| Stepping ~*~*~tactically~*~*~ (stealth).
 22983 | D:11     | 22983 ||| Stepping ~*~*~tactically~*~*~ (hiding).
 22990 | D:11     | Reached ***** piety under Trog
 23001 | D:11     | 23001 ||| Stepping ~*~*~tactically~*~*~ (hiding).
 23007 | D:11     | 23007 ||| Stepping ~*~*~tactically~*~*~ (hiding).
 23054 | D:11     | 23054 ||| Stepping ~*~*~tactically~*~*~ (stealth).
 23056 | D:11     | Found a frozen archway.
 23166 | D:11     | 23166 ||| Stepping ~*~*~tactically~*~*~ (stealth).
 23167 | D:11     | 23167 ||| Stepping ~*~*~tactically~*~*~ (stealth).
 23291 | D:11     | 23291 ||| Stepping ~*~*~tactically~*~*~ (stealth).
 23292 | D:11     | 23292 ||| Stepping ~*~*~tactically~*~*~ (stealth).
 23785 | D:11     | 23785 ||| PLANNING D
 23933 | D:12     | 23933 ||| FLEEEEING.
 24118 | D:12     | Noticed Maurice
 24124 | D:12     | Killed Maurice
 24156 | D:12     | 24156 ||| Stepping ~*~*~tactically~*~*~ (stealth).
 24206 | D:12     | Noticed Jorgrun
 24207 | D:12     | 24207 ||| Stepping ~*~*~tactically~*~*~ (hiding).
 24211 | D:12     | 24211 ||| INVOKING Brothers in Arms.
 24212 | D:12     | 24212 ||| INVOKING Berserk.
 24218 | D:12     | Killed Jorgrun
 24235 | D:12     | 24235 ||| STAIRDANCE
 24363 | D:11     | 24363 ||| UPGRADING to +0 cloak.
 24373 | D:12     | 24373 ||| STAIRDANCE
 24382 | D:12     | 24382 ||| Stepping ~*~*~tactically~*~*~ (hiding).
 24530 | D:12     | Noticed Lodul
 24531 | D:12     | 24531 ||| INVOKING Brothers in Arms.
 24535 | D:12     | 24535 ||| INVOKING Berserk.
 24541 | D:12     | Killed Lodul
 24542 | D:12     | Reached skill level 16 in Armour
 24583 | D:12     | 24583 ||| FLEEEEING.
 24584 | D:12     | 24584 ||| FLEEEEING.
 24585 | D:12     | 24585 ||| FLEEEEING.
 24586 | D:12     | 24586 ||| FLEEEEING.
 24587 | D:12     | 24587 ||| FLEEEEING.
 24588 | D:12     | 24588 ||| FLEEEEING.
 24589 | D:12     | 24589 ||| FLEEEEING.
 24590 | D:12     | 24590 ||| FLEEEEING.
 24591 | D:12     | 24591 ||| FLEEEEING.
 24592 | D:12     | 24592 ||| FLEEEEING.
 24870 | D:12     | 24870 ||| READING 9 scrolls of teleportation.
 24874 | D:12     | 24874 ||| INVOKING Brothers in Arms.
 24875 | D:12     | 24875 ||| INVOKING Berserk.
 25014 | D:12     | 25014 ||| READING 8 scrolls of teleportation.
 25259 | D:12     | 25259 ||| Stepping ~*~*~tactically~*~*~ (hiding).
 25320 | D:12     | 25320 ||| Stepping ~*~*~tactically~*~*~ (hiding).
 25446 | D:12     | 25446 ||| READING 7 scrolls of teleportation.
 25508 | D:12     | 25508 ||| READING 6 scrolls of teleportation.
 25542 | D:12     | 25542 ||| READING 5 scrolls of teleportation.
 25551 | D:12     | Received a gift from Trog
 25680 | D:12     | 25680 ||| Stepping ~*~*~tactically~*~*~ (stealth).
 25682 | D:12     | 25682 ||| INVOKING Brothers in Arms.
 25684 | D:12     | 25684 ||| INVOKING Brothers in Arms.
 25685 | D:12     | 25685 ||| INVOKING Berserk.
 25688 | D:12     | Reached skill level 17 in Armour
 25810 | D:12     | 25810 ||| READING 4 scrolls of teleportation.
 25863 | D:12     | 25863 ||| READING 3 scrolls of teleportation.
 25911 | D:12     | 25911 ||| READING 2 scrolls of teleportation.
 25993 | D:12     | Identified the +5 dagger of Proximity {elec, Int+6}
 26232 | D:13     | Noticed Rupert
 26232 | D:13     | Noticed Urug
 26232 | D:13     | Found a gate to the Vaults.
 26233 | D:13     | 26233 ||| INVOKING Trog's Hand.
 26234 | D:13     | 26234 ||| STAIRDANCE
 26236 | D:12     | 26236 ||| INVOKING Berserk.
 26349 | D:13     | 26349 ||| STAIRDANCE
 26372 | D:13     | 26372 ||| STAIRDANCE
 26374 | D:12     | 26374 ||| INVOKING Trog's Hand.
 26375 | D:12     | 26375 ||| INVOKING Berserk.
 26382 | D:12     | Killed Urug
 26391 | D:12     | Killed Rupert
 26528 | D:13     | 26528 ||| STAIRDANCE
 26706 | D:13     | 26706 ||| DROPPING +3 hand axe.
 26748 | D:13     | 26748 ||| Stepping ~*~*~tactically~*~*~ (hiding).
 26835 | D:13     | 26835 ||| INVOKING Berserk.
 26851 | D:13     | 26851 ||| DRINKING 5 potions of curing.
 26851 | D:13     | 26851 ||| (to cure confusion)
 27009 | D:13     | Found a blossoming altar of Fedhas.
 27211 | D:13     | 27211 ||| READING scroll of brand weapon.
 27211 | D:13     | 27211 ||| BRANDING +0 war axe.
 27562 | D:13     | 27562 ||| DRINKING 2 bubbling amethyst potions.
 27632 | D:14     | 27632 ||| Stepping ~*~*~tactically~*~*~ (hiding).
 27831 | D:14     | 27831 ||| READING scroll of enchant weapon.
 27831 | D:14     | 27831 ||| ENCHANTING +0 vorpal war axe.
 27902 | D:14     | Reached XP level 15. HP: 143/143 MP: 14/14
 27941 | D:14     | Identified the +8 sling "Demonbane" {flame, rC+ Str+4
                  | Dex-4}
 27944 | D:14     | 27944 ||| INVOKING Trog's Hand.
 28094 | D:14     | 28094 ||| Stepping ~*~*~tactically~*~*~ (hiding).
 28101 | D:14     | Reached skill level 9 in Throwing
 28372 | D:14     | 28372 ||| READING scroll labelled CISOEXKIF.
 28372 | D:14     | Identified a scroll of acquirement
 28372 | D:14     | 28372 ||| ACQUIRING +1 pair of boots of stealth
 28372 | D:14     | Acquired a +1 pair of boots of stealth
 28374 | D:14     | 28374 ||| UPGRADING to +1 pair of boots of stealth.
 28384 | D:14     | 28384 ||| DROPPING +0 pair of boots.
 28385 | D:14     | 28385 ||| READING 2 scrolls of identify.
 28385 | D:14     | 28385 ||| IDENTIFYING emerald potion
 28419 | D:15     | Entered Level 15 of the Dungeon
 28425 | D:15     | Found a sacrificial altar of Ru.
 28516 | D:15     | 28516 ||| Stepping ~*~*~tactically~*~*~ (hiding).
 28550 | D:15     | 28550 ||| INVOKING Berserk.
 28706 | D:15     | 28706 ||| Stepping ~*~*~tactically~*~*~ (stealth).
 28711 | D:15     | Reached skill level 9 in Dodging
 28766 | D:15     | 28766 ||| Stepping ~*~*~tactically~*~*~ (cloud).
 28767 | D:15     | 28767 ||| Stepping ~*~*~tactically~*~*~ (cloud).
 28886 | D:15     | Found a staircase to the Depths.
 28887 | D:15     | 28887 ||| INVOKING Trog's Hand.
 29141 | D:15     | 29141 ||| Stepping ~*~*~tactically~*~*~ (stealth).
 29148 | D:15     | 29148 ||| Stepping ~*~*~tactically~*~*~ (stealth).
 29151 | D:15     | 29151 ||| Stepping ~*~*~tactically~*~*~ (stealth).
 29153 | D:15     | 29153 ||| Stepping ~*~*~tactically~*~*~ (stealth).
 29154 | D:15     | 29154 ||| Stepping ~*~*~tactically~*~*~ (stealth).
 29155 | D:15     | 29155 ||| Stepping ~*~*~tactically~*~*~ (stealth).
 29249 | D:15     | 29249 ||| Stepping ~*~*~tactically~*~*~ (stealth).
 29259 | D:15     | Reached skill level 18 in Armour
 29875 | D:15     | 29875 ||| PLANNING ORC
 29875 | D:15     | 29875 ||| DROPPING orb of mayhem.
 29876 | D:15     | 29876 ||| UPGRADING to +2 buckler.
 29886 | D:15     | 29886 ||| DROPPING +0 buckler.
 30044 | Orc:1    | Entered Level 1 of the Orcish Mines
 30076 | Orc:1    | 30076 ||| Stepping ~*~*~tactically~*~*~ (hiding).
 30077 | Orc:1    | 30077 ||| Stepping ~*~*~tactically~*~*~ (hiding).
 30078 | Orc:1    | 30078 ||| Stepping ~*~*~tactically~*~*~ (hiding).
 30079 | Orc:1    | 30079 ||| Stepping ~*~*~tactically~*~*~ (hiding).
 30210 | Orc:1    | 30210 ||| Stepping ~*~*~tactically~*~*~ (hiding).
 30331 | Orc:1    | 30331 ||| INVOKING Trog's Hand.
 30334 | Orc:1    | 30334 ||| INVOKING Berserk.
 30533 | Orc:2    | Entered Level 2 of the Orcish Mines
 30534 | Orc:2    | 30534 ||| INVOKING Trog's Hand.
 30538 | Orc:2    | 30538 ||| INVOKING Berserk.
 30721 | Orc:2    | Found Vipiqiz's Assorted Antiques.
 30722 | Orc:2    | 30722 ||| Stepping ~*~*~tactically~*~*~ (stealth).
 30725 | Orc:2    | 30725 ||| INVOKING Trog's Hand.
 30727 | Orc:2    | 30727 ||| INVOKING Berserk.
 30757 | Orc:2    | Found Malioq's Antique Weapon Shop.
 30757 | Orc:2    | Found Ukux Waimi's Weapon Boutique.
 30796 | Orc:2    | Found Cuajocu's Assorted Antiques.
 30798 | Orc:2    | 30798 ||| BUYING scroll of enchant armour (187 gold).
 30798 | Orc:2    | Bought a scroll of enchant armour for 187 gold pieces
 30798 | Orc:2    | 30798 ||| BUYING scroll of enchant weapon (187 gold).
 30798 | Orc:2    | Bought a scroll of enchant weapon for 187 gold pieces
 30798 | Orc:2    | 30798 ||| BUYING scroll of identify (50 gold).
 30798 | Orc:2    | Bought a scroll of identify for 50 gold pieces
 30798 | Orc:2    | 30798 ||| READING scroll of enchant armour.
 30798 | Orc:2    | 30798 ||| ENCHANTING +0 pair of gloves.
 30799 | Orc:2    | 30799 ||| READING scroll of enchant weapon.
 30799 | Orc:2    | 30799 ||| ENCHANTING +1 vorpal war axe.
 30814 | Orc:2    | 30814 ||| FLEEEEING.
 30815 | Orc:2    | 30815 ||| FLEEEEING.
 30816 | Orc:2    | 30816 ||| FLEEEEING.
 30817 | Orc:2    | 30817 ||| FLEEEEING.
 30818 | Orc:2    | 30818 ||| FLEEEEING.
 30819 | Orc:2    | 30819 ||| FLEEEEING.
 30820 | Orc:2    | 30820 ||| FLEEEEING.
 30821 | Orc:2    | 30821 ||| FLEEEEING.
 30822 | Orc:2    | 30822 ||| FLEEEEING.
 30823 | Orc:2    | 30823 ||| FLEEEEING.
 30824 | Orc:2    | 30824 ||| FLEEEEING.
 30825 | Orc:2    | 30825 ||| FLEEEEING.
 30827 | Orc:2    | 30827 ||| FLEEEEING.
 30828 | Orc:2    | 30828 ||| FLEEEEING.
 30829 | Orc:2    | 30829 ||| FLEEEEING.
 30830 | Orc:2    | 30830 ||| FLEEEEING.
 30833 | Orc:2    | 30833 ||| FLEEEEING.
 30834 | Orc:2    | 30834 ||| FLEEEEING.
 30835 | Orc:2    | 30835 ||| FLEEEEING.
 30836 | Orc:2    | 30836 ||| FLEEEEING.
 30837 | Orc:2    | 30837 ||| FLEEEEING.
 30838 | Orc:2    | 30838 ||| FLEEEEING.
 30839 | Orc:2    | 30839 ||| FLEEEEING.
 30840 | Orc:2    | 30840 ||| FLEEEEING.
 30841 | Orc:2    | 30841 ||| FLEEEEING.
 30842 | Orc:2    | 30842 ||| FLEEEEING.
 30843 | Orc:2    | 30843 ||| STAIRDANCE
 30852 | Orc:1    | 30852 ||| Stepping ~*~*~tactically~*~*~ (hiding).
 30868 | Orc:2    | 30868 ||| STAIRDANCE
 30875 | Orc:2    | 30875 ||| STAIRDANCE
 30883 | Orc:1    | 30883 ||| Stepping ~*~*~tactically~*~*~ (stealth).
 30884 | Orc:1    | 30884 ||| Stepping ~*~*~tactically~*~*~ (stealth).
 30913 | Orc:2    | 30913 ||| STAIRDANCE
 30929 | Orc:2    | 30929 ||| STAIRDANCE
 30938 | Orc:2    | 30938 ||| STAIRDANCE
 30943 | Orc:2    | 30943 ||| STAIRDANCE
 31005 | Orc:2    | 31005 ||| STAIRDANCE
 31011 | Orc:2    | 31011 ||| STAIRDANCE
 31017 | Orc:2    | 31017 ||| STAIRDANCE
 31062 | Orc:2    | 31062 ||| STAIRDANCE
 31108 | Orc:2    | 31108 ||| Stepping ~*~*~tactically~*~*~ (hiding).
 31111 | Orc:2    | 31111 ||| Stepping ~*~*~tactically~*~*~ (hiding).
 31187 | Orc:2    | Found a staircase to the Elven Halls.
 31188 | Orc:2    | 31188 ||| Stepping ~*~*~tactically~*~*~ (stealth).
 31319 | Orc:2    | 31319 ||| Stepping ~*~*~tactically~*~*~ (stealth).
 31339 | Orc:2    | 31339 ||| BUYING runed scarf (200 gold).
 31339 | Orc:2    | Bought a runed scarf for 200 gold pieces
 31356 | Orc:2    | Found Qume's Armour Shoppe.
 31639 | Orc:2    | 31639 ||| DROPPING scarf of shadows.
 31850 | Orc:1    | 31850 ||| SWAPPING to +2 antimagic war axe.
 31851 | Orc:1    | 31851 ||| DROPPING +2 vorpal war axe.
 32037 | Orc:1    | 32037 ||| PLANNING SHOALS:1-3
 32173 | Shoals:1 | Entered Level 1 of the Shoals
 32179 | Shoals:1 | 32179 ||| INVOKING Berserk.
 32185 | Shoals:1 | 32185 ||| INVOKING Brothers in Arms.
 32203 | Shoals:1 | HP: 33/147 [sea snake (5)]
 32204 | Shoals:1 | 32204 ||| DRINKING 3 potions of heal wounds.
 32570 | Shoals:1 | 32570 ||| Stepping ~*~*~tactically~*~*~ (stealth).
 32893 | Shoals:1 | 32893 ||| INVOKING Berserk.
 33121 | Shoals:1 | 33121 ||| INVOKING Berserk.
 33124 | Shoals:1 | Reached XP level 16. HP: 155/155 MP: 5/15
 33247 | Shoals:1 | 33247 ||| Stepping ~*~*~tactically~*~*~ (water).
 33248 | Shoals:1 | 33248 ||| INVOKING Berserk.
 33433 | Shoals:1 | 33433 ||| INVOKING Berserk.
 33441 | Shoals:1 | 33441 ||| INVOKING Brothers in Arms.
 33444 | Shoals:1 | HP: 36/155 [snapping turtle (16)]
 33445 | Shoals:1 | 33445 ||| READING scroll of teleportation.
 33912 | Shoals:1 | 33912 ||| INVOKING Berserk.
 34417 | Shoals:1 | 34417 ||| DROPPING +6 ring of dexterity.
 34418 | Shoals:1 | 34418 ||| READING 3 scrolls of identify.
 34418 | Shoals:1 | 34418 ||| IDENTIFYING red potion
 34419 | Shoals:1 | 34419 ||| READING 2 scrolls of identify.
 34419 | Shoals:1 | 34419 ||| IDENTIFYING lumpy golden potion
 34420 | Shoals:1 | 34420 ||| DROPPING potion of berserk rage.
 34421 | Shoals:1 | 34421 ||| DROPPING potion of invisibility.
 34631 | Shoals:2 | 34631 ||| READING scroll of acquirement.
 34631 | Shoals:2 | 34631 ||| ACQUIRING +2 hat of the Armoured One {Rampage rC-
                  | rN+++ Dex+3}
 34631 | Shoals:2 | Acquired the +2 hat of the Armoured One {Rampage rC- rN+++
                  | Dex+3}
 34633 | Shoals:2 | 34633 ||| UPGRADING to +2 hat of the Armoured One {Rampage
                  | rC- rN+++ Dex+3}.
 34690 | Shoals:2 | 34690 ||| Stepping ~*~*~tactically~*~*~ (hiding).
 34692 | Shoals:2 | 34692 ||| Stepping ~*~*~tactically~*~*~ (hiding).
 34693 | Shoals:2 | 34693 ||| Stepping ~*~*~tactically~*~*~ (hiding).
 34695 | Shoals:2 | 34695 ||| Stepping ~*~*~tactically~*~*~ (hiding).
 34804 | Shoals:2 | 34804 ||| Stepping ~*~*~tactically~*~*~ (hiding).
 34847 | Shoals:2 | 34847 ||| Stepping ~*~*~tactically~*~*~ (stealth).
 34849 | Shoals:2 | 34849 ||| Stepping ~*~*~tactically~*~*~ (hiding).
 34866 | Shoals:2 | Found Doixzor's Weapon Emporium.
 34867 | Shoals:2 | 34867 ||| INVOKING Berserk.
 35337 | Shoals:2 | 35337 ||| Stepping ~*~*~tactically~*~*~ (hiding).
 35340 | Shoals:2 | 35340 ||| INVOKING Berserk.
 35671 | Shoals:3 | 35671 ||| INVOKING Brothers in Arms.
 35672 | Shoals:3 | 35672 ||| INVOKING Brothers in Arms.
 35673 | Shoals:3 | 35673 ||| INVOKING Berserk.
 35681 | Shoals:3 | Reached skill level 18 in Fighting
 35695 | Shoals:3 | Reached skill level 19 in Armour
 35819 | Shoals:3 | Found a hide-covered altar of Uskayaw.
 35864 | Shoals:3 | 35864 ||| Stepping ~*~*~tactically~*~*~ (hiding).
 35866 | Shoals:3 | 35866 ||| Stepping ~*~*~tactically~*~*~ (hiding).
 35868 | Shoals:3 | 35868 ||| Stepping ~*~*~tactically~*~*~ (hiding).
 35878 | Shoals:3 | 35878 ||| INVOKING Trog's Hand.
 35889 | Shoals:3 | 35889 ||| Stepping ~*~*~tactically~*~*~ (hiding).
 35892 | Shoals:3 | 35892 ||| INVOKING Berserk.
 35932 | Shoals:3 | HP: 35/157 [merfolk/+0 trident[a merfolk impaler] (14)]
 35933 | Shoals:3 | 35933 ||| DRINKING 3 potions of heal wounds.
 35938 | Shoals:3 | HP: 37/157 [merfolk/+0 trident of venom (4)]
 35939 | Shoals:3 | 35939 ||| DRINKING 2 potions of heal wounds.
 35940 | Shoals:3 | 35940 ||| DRINKING potion of heal wounds.
 35942 | Shoals:3 | 35942 ||| INVOKING Brothers in Arms.
 35942 | Shoals:3 | HP: 12/157 [merfolk/+0 trident of venom (16)]
 35942 | Shoals:3 | HP: 5/157 [merfolk/+0 trident[a merfolk impaler] (3)]
 35943 | Shoals:3 | HP: 2/157 [poisoned by a merfolk]
 35943 | Shoals:3 | Mangled by a merfolk impaler

Levels and vault maps discovered:
D:1:      nicolae_arrival_washed_ashore, layout_loops_cross,
          hellmonk_ecumenical_altar_pennies_from_heaven,
          chequers_serial_rivers_small_b, grunt_decor_mini_mirrors,
          item_on_display_a
D:2:      layout_loops_ring, basic_altar, uniq_robin
D:3:      layout_basic, fountainhead, uniq_sigmund, uniq_jessica, uniq_grinder
D:4:      layout_basic, general_overflow_altar, nicolae_overflow_two_pavilions,
          ebering_dispersal_statue_hall
D:5:      layout_rooms, minmay_temple_entry_waves, ebering_ghost_sewer_d,
          serial_co_window_serial, co_window_corner_a, co_window_corner_a,
          co_window_of_opportunity_a, co_window_paths_a,
          co_window_of_opportunity_a, co_window_corner_b,
          co_window_unsneaky_path_d, co_window_broadway_c, co_window_corner_b,
          co_window_2corner, co_window_paths_c, co_window_unsneaky_path_e,
          glass_columns_a
D:6:      layout_basic, lemuel_doored_altar, skrybe_limestone_x,
          uniq_prince_ribbit1, uniq_menkaure
D:7:      layout_basic, demons_altar
D:8:      layout_cave_pools, serial_shops, nicolae_shop_stone
D:9:      layout_rooms, nicolae_sif_muna_little_library, lemuel_round_altar,
          yredelemnul_altar_generic, nzn_hepliaklqana_mist_gate,
          lair_entry_dummy, minmay_orc_entry_guard_dogs,
          minmay_tree_intersection, uniq_erica
D:10:     layout_grid_maze
D:11:     layout_loops_ring, portal_ice_cave_entry_imps
D:12:     layout_basic, minmay_quadrilaterals, uniq_maurice, uniq_jorgrun,
          uniq_lodul
D:13:     layout_irregular_city, david_vaults_3, kennysheep_cross_bottleneck,
          chequers_serial_rivers_room_a, fedhas_altar_1
D:14:     layout_loops_ring, minmay_misc_feat_rows
D:15:     hangedman_depths_entry_try_elsewhere_first, layout_layer_cave,
          basic_altar
Lair:1:   layout_regular_city, serial_rivers, chequers_serial_rivers_room_b,
          chequers_serial_rivers_small_3, chequers_serial_rivers_room_a,
          chequers_serial_rivers_micro_e, chequers_serial_rivers_micro_a,
          st_stairs_11, evilmike_ambush [evilmike_ambush_outer_corners,
          evilmike_ambush_inner_pond], lemuel_fruit_tree, uniq_grum
Lair:2:   layout_regular_city, nicolae_spider_entry_orb_guardian,
          serial_bayou_shore_a
Lair:3:   layout_loops_ring, elwin_shoals_entry_rocks, basic_altar,
          gammafunk_ghost_hydra_chop, uniq_amaemon
Lair:4:   layout_long_grid
Lair:5:   guppyfry_lair_end_dragon, layout_gridlike, hangedman_lair_in_review,
          slime_entry_1, special_room [special_room_jelly], uniq_sonja
Shoals:1: layout_shoals
Shoals:2: layout_shoals, serial_shops, nicolae_shop_crystal
Shoals:3: layout_shoals, regret_index_shoals_crete
Orc:1:    layout_caves
Orc:2:    st_orc_open, layout_diamond_mine, basic_altar, serial_shops,
          nicolae_shop_waterfront

Skill      XL: |  1  2  3  4  5  6  7  8  9 10 11 12 13 14 15 16 |
---------------+-------------------------------------------------+-----
Axes           | 4 5 6 7 8 9 10 12 14 16 | 16.0
Fighting       | 4 5 6 7 9 11 12 15 17 18 | 18.0
Armour         | 3 4 6 9 10 13 15 17 18 19 | 19.0
Dodging        | 3 4 5 6 8 9 11 | 11.0
Throwing       | 3 5 6 8 10 | 10.0
Shields        | 8 9 10 11 | 11.0

Action                   |  1- 3 |  4- 6 |  7- 9 | 10-12 | 13-15 | 16-18 || total
-------------------------+-------+-------+-------+-------+-------+-------++-------
Melee: Hand axe          |    50 |    84 |   268 |   273 |       |       ||   675
       Headbutt          |     4 |    10 |    48 |    89 |   258 |    56 ||   465
       Punch             |       |       |     3 |     3 |       |       ||     6
       Morningstar       |       |       |       |     8 |       |       ||     8
       War axe           |       |       |       |   118 |  1056 |   280 ||  1454
       Demon whip        |       |       |       |    11 |    11 |       ||    22
Throw: Boomerang         |       |       |       |    61 |    65 |       ||   126
       Javelin           |       |       |       |    49 |    88 |     7 ||   144
Invok: Berserk           |     1 |     4 |    13 |    27 |    23 |     7 ||    75
       Trog's Hand       |       |     1 |       |       |     7 |     1 ||     9
       Brothers in Arms  |       |       |       |     1 |     5 |     3 ||     9
  Use: Scroll            |     3 |     3 |    12 |     6 |    18 |     4 ||    46
       Potion            |       |       |     3 |     2 |     7 |     3 ||    15
Armor: Animal skin       |     6 |     2 |       |       |       |       ||     8
       Leather armour    |       |    10 |       |       |       |       ||    10
       Chain mail        |       |       |    88 |    73 |       |       ||   161
       Plate armour      |       |       |       |    39 |       |       ||    39
       Gold dragon scale |       |       |       |    79 |   527 |   159 ||   765
Dodge: Dodged            |    24 |    30 |    75 |   176 |   466 |   192 ||   963
Block: Buckler           |       |       |       |    42 |   293 |   130 ||   465

Table legend:
 A = Non-vault XP
 B = Vault XP
 C = Vault XP percentage of total XP
 D = Non-vault monster count
 E = Vault monster count
 F = Vault count percentage of total count
                 A         B        C        D         E       F
            +---------+---------+-------+---------+---------+-------
      Total |  121834 |   60224 |  33.1 |     569 |     186 |  24.6
            +---------+---------+-------+---------+---------+-------
        D:1 |      17 |       0 |   0.0 |      11 |       0 |   0.0
        D:2 |     107 |      30 |  21.9 |      22 |       9 |  29.0
        D:3 |     198 |     540 |  73.2 |      21 |       3 |  12.5
        D:4 |     173 |       0 |   0.0 |      10 |       0 |   0.0
        D:5 |    1579 |       0 |   0.0 |      25 |       0 |   0.0
        D:6 |    1248 |     449 |  26.5 |      27 |       2 |   6.9
        D:7 |    3486 |     117 |   3.2 |      26 |       3 |  10.3
        D:8 |     251 |       0 |   0.0 |      11 |       0 |   0.0
        D:9 |    4179 |    1347 |  24.4 |      31 |       4 |  11.4
       D:10 |    4396 |       0 |   0.0 |      29 |       0 |   0.0
       D:11 |    3622 |     123 |   3.3 |      30 |      12 |  28.6
       D:12 |   10553 |   12112 |  53.4 |      54 |      34 |  38.6
       D:13 |    4429 |     830 |  15.8 |      11 |       1 |   8.3
       D:14 |    5845 |       0 |   0.0 |      12 |       0 |   0.0
       D:15 |   17905 |    2173 |  10.8 |      32 |       4 |  11.1
     Lair:1 |    3776 |    1962 |  34.2 |      16 |       9 |  36.0
     Lair:2 |    4370 |     713 |  14.0 |      14 |       1 |   6.7
     Lair:3 |    2597 |    1185 |  31.3 |       6 |       2 |  25.0
     Lair:4 |    8174 |       0 |   0.0 |      27 |       0 |   0.0
     Lair:5 |    7603 |   19293 |  71.7 |      25 |      55 |  68.8
   Shoals:1 |   17431 |       0 |   0.0 |      40 |       0 |   0.0
   Shoals:2 |    7815 |       0 |   0.0 |      15 |       0 |   0.0
   Shoals:3 |    7258 |    4467 |  38.1 |      16 |      10 |  38.5
      Orc:1 |    3083 |       0 |   0.0 |      37 |       0 |   0.0
      Orc:2 |    1739 |   14883 |  89.5 |      21 |      37 |  63.8
            +---------+---------+-------+---------+---------+-------
